 Dungeon Crawl Stone Soup version 0.17-a0-1011-gfa70bdd (webtiles) character file.

2 Gorice the Shooter (level 1, -1/10 HPs)
             Began as a Tengu Wanderer on May 13, 2015.
             Slain by a kobold
             ... wielding a +0 short sword
              (2 damage)
             ... on level 1 of the Dungeon.
             The game lasted 00:03:00 (227 turns).

Gorice the Shooter (Tengu Wanderer)                  Turns: 227, Time: 00:03:00

Health: -1/10      AC:  3    Str: 15    XL:     1   Next: 30%
Magic:  3/3        EV: 10    Int: 11    God:
Gold:   41         SH:  0    Dex: 11    Spells: 1 memorised, 1 level left

rFire  . . .     SeeInvis .     a - +0 club
rCold  . . .     Clarity  .     m - +0 leather armour
rNeg   . . .     SustAb   .     (no shield)
rPois  .         Gourm    .     (helmet restricted)
rElec  .         Spirit   .     (no cloak)
rCorr  .         Warding  .     (no gloves)
rMut   .         Stasis   .     (boots unavailable)
MR     .....                    (no amulet)
Stlth  +.........               (no ring)
                                (no ring)

@: not resistant to hostile enchantments, very unstealthy
A: beak, talons 3
a: no special abilities


You were on level 1 of the Dungeon.
You were not hungry.

You visited 1 branch of the dungeon, and saw 1 of its levels.

You collected 41 gold pieces.

Inventory:

Hand weapons
 a - a +0 club (weapon)
Missiles
 Z - 15 stones (quivered)
Armour
 d - a +0 robe
 m - a +0 leather armour (worn)
Jewellery
 g - a +4 ring of dexterity {unknown}
Scrolls
 j - 2 scrolls of random uselessness {unknown}
 k - a scroll of amnesia {unknown}
Potions
 i - a potion of flight {unknown}
 n - a potion of agility {unknown}
Books
 b - Sif Muna's Grimoire of Snow

   Spells                             Type                      Level
   a - Throw Frost                    Conjuration/Ice              2
   b - Ensorcelled Hibernation        Hexes/Ice                    2
 c - Feta's Catalogue of Evil Secrets

   Spells                             Type                      Level
   a - Animate Skeleton               Necromancy                   1
   b - Pain                           Necromancy                   1
 e - a Young Poisoner's Handbook
Comestibles
 f - a bread ration {!e}
 h - a chunk of flesh
 l - 3 fruits


   Skills:
 + Level 0.2 Maces & Flails
   Level 3.2 Bows
 - Level 1.0 Stealth
 - Level 1.0 Spellcasting
 + Level 0.6 Conjurations
   Level 1.0 Hexes
 - Level 3.0 Poison Magic
   Level 1.0 Evocations


You had one spell level left.
You knew the following spells:

 Your Spells              Type           Power        Failure   Level  Hunger
a - Sting                 Conj/Pois      #...         21%         1    ##.....


Dungeon Overview and Level Annotations

Branches:
Dungeon (1/15)

Altars:


Innate Abilities, Weirdness & Mutations

You have a beak for a mouth.
You have claws for feet.


Message History

You hit the goblin.
You kill the goblin!
The rat closely misses you.
Unknown command.
You barely miss the rat. The rat completely misses you.
You barely miss the rat. You claw the rat, but do no damage.
Your peck misses the rat. The rat barely misses you.
You hit the rat.
You kill the rat!
Things that are here:
a dagger; a goblin corpse You butcher the goblin corpse.
h - a chunk of flesh You see here a dagger.
i - a bubbling coppery potion
j - 2 scrolls labeled NOUMMIJIULIRR
k - a scroll labeled ITIOLUC GIFA
l - 3 fruits
Found a leather armour.
You now have 23 gold pieces (gained 16).
You now have 38 gold pieces (gained 15).
You see here a leather armour.
m - a leather armour Wear which item? (? for menu, Esc to quit)
You start removing your armour.
You continue taking off your +0 robe.
You continue taking off your +0 robe. x3
You finish taking off your +0 robe.
You start putting on your armour.
You continue putting on your leather armour. x5
You finish putting on your +0 leather armour.
n - an orange potion You now have 41 gold pieces (gained 3).
A kobold comes into view. It is wielding a short sword.
The kobold shouts!
The kobold throws a stone.
The stone closely misses you.
Found a purple potion.
The kobold throws a stone.
The stone hits you.
You see here a stone.
Damage: 1 (max 1)
A bat comes into view.
The kobold hits you with a short sword.
* * * LOW HITPOINT WARNING * * *
Damage: 3 (max 3) Unknown command.
You hit the kobold. Your kick misses the kobold.
The kobold is severely wounded.
The bat closely misses you. The kobold hits you with a short sword.
* * * LOW HITPOINT WARNING * * *
The kobold hits you with a short sword.
You die...

##...'.⌠.'≈≈≈..⌠...#
.#...#...#≈≈≈≈.....##
.#####.###'#≈≈≈.....#
.......'...'≈≈≈.....#
#'###+##..>'≈≈≈.....#
≈≈≈≈≈≈≈#'#+#≈≈≈.....#
≈≈≈≈≈≈≈≈≈≈≈≈≈≈≈.....#
≈≈≈≈≈≈≈≈≈≈≈≈≈≈≈.....#
≈≈≈≈≈≈≈≈≈≈≈≈≈≈≈.@...###
.................K......
..............(..b......
.....................##.
######.#...(.........#
#.#######.....#.# #.#
#.....#.# #.# #.!...# #
#.# #.....#


You could see a bat and a kobold.

Vanquished Creatures
  A bat (D:1)
  A goblin (D:1)
  A rat (D:1)
3 creatures vanquished.

Notes
Turn   | Place    | Note
--------------------------------------------------------------
     0 | D:1      | Gorice the Tengu Wanderer began the quest for the Orb.
     0 | D:1      | Gorice set off with: a Young Poisoner's Handbook, Sif Muna's Grimoire of Snow, Feta's Catalogue of Evil Secrets, a +0 robe, a +0 club, a bread ration {!e}
     0 | D:1      | Reached XP level 1. HP: 10/10 MP: 3/3
     0 | D:1      | Identified Sif Muna's Grimoire of Snow
     0 | D:1      | Identified Feta's Catalogue of Evil Secrets
     2 | D:1      | Learned a level 1 spell: Sting
   123 | D:1      | HP: 3/10 [rat (3)]
   226 | D:1      | HP: 2/10 [kobold/short sword (3)]
   227 | D:1      | Slain by a kobold

Vault maps used:
D:1:      dpeg_arrival_castle

Action                   || total
-------------------------++-------
Melee: Club              ||     8

Table legend:
 A = Turns spent in this place as a percentage of turns spent in the entire game.
 B = Non-inter-level travel turns spent in this place as a percentage of non-inter-level travel turns spent in the entire game.
 C = Inter-level travel turns spent in this place as a percentage of turns spent in this place.
 D = Turns resting spent in this place as a percentage of non-inter-level travel turns spent in this place.
 E = Turns spent auto-exploring this place as a percentage of non-inter-level travel turns spent in this place.
 F = Non-inter-level travel turns spent in this place divided by the number of levels of this place that you've seen.
                   A       B       C       D       E      F
               +-------+-------+-------+-------+-------+----------------------
         Total | 100.0 | 100.0 |   0.0 |   0.0 |   4.6 | 130.0
       Dungeon | 100.0 | 100.0 |   0.0 |   0.0 |   4.6 | 130.0
               +-------+-------+-------+-------+-------+----------------------

Vault maps used:
D:1:      dpeg_arrival_castle
